 Dungeon Crawl Stone Soup version 0.28.0-62-gf88900778d (webtiles) character file.

Game seed: 2213336081119920939

6659 cbfl8 the Cleaver (level 10, 0/93 HPs)
             Began as a Minotaur Berserker on Mar 8, 2023.
             Was an Elder of Trog.
             Succumbed to a hornet's poison
             ... on level 8 of the Dungeon.
             The game lasted 00:10:38 (8628 turns).

cbfl8 the Cleaver (Minotaur Berserker)              Turns: 8628, Time: 00:10:38

Health: 0/93       AC: 19    Str: 21    XL:     10   Next: 73%
Magic:  9/9        EV: 11    Int:  4    God:    Trog [****..]
Gold:   519        SH:  5    Dex: 15    Spells: 9/9 levels left

rFire   . . .      SeeInvis .   A - +0 broad axe
rCold   . . .      Faith    .   (no shield)
rNeg    . . .      Spirit   .   c - +0 chain mail
rPois   .          Reflect  +   (helmet restricted)
rElec   .          Harm     .   p - +1 cloak {Stlth+}
rCorr   .          Rampage  .   (no gloves)
Will    .....                   a - +0 pair of boots
Stlth   ..........              F - amulet of reflection
HPRegen 0.25/turn               k - +4 ring of protection
MPRegen 0.11/turn               (no ring)

@: lethally poisoned (0 -> -7), flying
A: horns 2, retaliatory headbutt
a: Renounce Religion, Berserk, Trog's Hand, Brothers in Arms


You were on level 8 of the Dungeon.
You worshipped Trog.
Trog was greatly pleased with you.
You visited 1 branch of the dungeon, and saw 8 of its levels.
You also visited: Bailey.

You collected 519 gold pieces.

Inventory:

Hand Weapons
 A - a +0 broad axe (weapon)
Armour
 a - a +0 pair of boots (worn)
 c - a +0 chain mail (worn)
 p - a +1 cloak of stealth (worn)
Jewellery
 k - a +4 ring of protection (left hand)
 F - an amulet of reflection (around neck)
Wands
 n - a wand of polymorph (13)
 t - a wand of acid (1) (quivered)
 y - a wand of flame (44)
Scrolls
 b - 3 scrolls of holy word
 d - 3 scrolls of teleportation
 e - 4 scrolls of blinking
 g - 2 scrolls of noise
 h - 2 scrolls of enchant armour
 m - a scroll of fog
 o - a scroll of silence
 q - 2 scrolls of fear {unknown}
 w - 2 scrolls of enchant weapon {unknown}
 C - a scroll of summoning {unknown}
Potions
 f - 6 potions of haste
 i - a potion of curing {unknown}
 j - a potion of lignification {unknown}
 l - 2 potions of might {unknown}
 r - a potion of attraction {unknown}
 s - a potion of invisibility {unknown}
 v - 2 potions of flight
 x - 3 potions of heal wounds {unknown}
 z - a potion of degeneration {unknown}
 B - a potion of berserk rage {unknown}
 D - 2 potions of mutation {unknown}
 E - a potion of ambrosia {unknown}


   Skills:
 * Level 10.3 Fighting
 + Level 10.7 Axes
 + Level 9.1 Armour
 * Level 7.4 Dodging
 + Level 0.9 Stealth
 * Level 5.5 Evocations


You had 9 spell levels left.
You didn't know any spells.
Your spell library was empty.

Dungeon Overview and Level Annotations

Branches:
Dungeon (8/15)             Temple (0/1) D:7          Bailey (visited)
   Lair: D:8-11

Altars:
Uskayaw

Annotations:
D:5 3 runed translucent doors, PhantomBowie's ghost, amateur OgBe; Tsarbomb's ghost, novice MiBe


Innate Abilities, Weirdness & Mutations

You have a pair of horns on your head.
You reflexively headbutt those who attack you in melee.


Message History

You slash the steam dragon!
You are engulfed in a cloud of scalding steam.
The hornet closely misses you.
The hornet stings you but does no damage.
You block the steam dragon's attack.
The steam dragon claws you but does no damage.
The hornet completely misses you. You furiously retaliate!
You headbutt the hornet, but do no damage.
The steam dragon bites you.
* * * LOW HITPOINT WARNING * * *
The steam dragon barely misses you.
You barely miss the hornet.
The hornet is almost dead.
You hit the steam dragon.
You are engulfed in a cloud of scalding steam.
You feel yourself speed up. The hornet closely misses you.
The hornet stings you.
* * * LOW HITPOINT WARNING * * *
You are poisoned.
You suddenly lose the ability to move!
The steam dragon breathes steam at you. The ball of steam hits you!
* * * LOW HITPOINT WARNING * * *
The hornet stings you.
* * * LOW HITPOINT WARNING * * *
You feel yourself slow down.
You feel yourself speed up.
* * * LOW HITPOINT WARNING * * *
You feel sick.
The steam dragon bites you but does no damage.
The steam dragon claws you.
* * * LOW HITPOINT WARNING * * *
The hornet stings you.
* * * LOW HITPOINT WARNING * * *
You shrug off the repeated paralysis!
You can move again.
It was a potion of flight.
You feel very buoyant.
You fly up into the air.
You die...

############
#....:.....###
#............#
#............#
#............# ####
#............#
...#######.......D....#
†..)..........>.@y....#
###.######.#######....#
..(..# #.# ....# .....#
#.# ##.# .....# #.# .
.....## #.# ####..# #.#
# ##.## #.# # #...#


You could see a hornet and a steam dragon (catching breath).

Vanquished Creatures
  2 vault guards (Bailey)
  A two-headed ogre (D:5)
  An unseen horror (D:7)
  Psyche (D:8)
  Prince Ribbit (Bailey)
  Grinder (D:3)
  8 humans (Bailey)
  A steam dragon (D:6)
  Duvessa (D:6)
  2 ice beasts (D:7)
  A hornet zombie (D:7)
  An orc warrior (D:7)
  2 black bears
  2 centaurs (D:7)
  An ogre (D:4)
  10 bullfrogs
  2 scorpions (D:6)
  A water moccasin zombie (D:5)
  Dowan (D:6)
  2 centaur zombies (D:5)
  Crazy Yiuf (D:3)
  2 jellies
  A gnoll shaman (D:7)
  A centaur skeleton (D:7)
  5 orc priests
  A bullfrog skeleton (D:6)
  Natasha (thrice) (D:3)
  2 iguanas
  Ijyb (D:3)
  6 orc wizards
  A killer bee zombie (D:7)
  A howler monkey zombie (D:7)
  6 gnolls
  4 adders
  A howler monkey skeleton (D:7)
  3 ufetubi
  An adder skeleton (D:4)
  A worm (D:3)
  4 dart slugs
  29 orcs
  4 bats
  6 endoplasms
  3 giant cockroaches
  9 goblins
  15 hobgoblins
  2 jackals (D:5)
  4 quokkas
  2 ball pythons
  6 frilled lizards
  9 kobolds
  10 rats
186 creatures vanquished.

Vanquished Creatures (collateral kills)
  An orc wizard (D:7)
  A gnoll (D:7)
2 creatures vanquished.

Vanquished Creatures (others)
  2 orcs (D:6)
2 creatures vanquished.

Grand Total: 190 creatures vanquished

Notes
Turn   | Place    | Note
-------+----------+-------------------------------------------
     0 | D:1      | cbfl8 the Minotaur Berserker began the quest for the Orb.
     0 | D:1      | Reached XP level 1. HP: 19/19 MP: 0/0
    99 | D:1      | Reached XP level 2. HP: 27/27 MP: 1/1
   532 | D:1      | Reached ** piety under Trog
   916 | D:2      | Reached XP level 3. HP: 34/34 MP: 2/2
   966 | D:2      | Found a faded altar of an unknown god.
  1128 | D:2      | Reached skill level 1 in Evocations
  1370 | D:3      | Noticed Grinder
  1374 | D:3      | Killed Grinder
  1375 | D:3      | Reached skill level 5 in Fighting
  1375 | D:3      | Reached skill level 5 in Axes
  1375 | D:3      | Reached XP level 4. HP: 36/42 MP: 3/3
  1375 | D:3      | Reached XP level 5. HP: 42/48 MP: 4/4
  1821 | D:3      | Noticed Natasha
  1829 | D:3      | Killed Natasha
  1830 | D:3      | Reached XP level 6. HP: 51/56 MP: 5/5
  1990 | D:3      | Noticed Ijyb
  2016 | D:3      | Killed Ijyb
  2093 | D:3      | Noticed Natasha
  2108 | D:3      | Killed Natasha
  2292 | D:3      | Found a runed translucent door.
  2293 | D:3      | Noticed Crazy Yiuf
  2309 | D:3      | Noticed Natasha
  2318 | D:3      | Killed Natasha
  2318 | D:3      | Reached *** piety under Trog
  2515 | D:3      | Killed Crazy Yiuf
  2861 | D:4      | Reached XP level 7. HP: 50/62 MP: 6/6
  3950 | D:5      | Entered Level 5 of the Dungeon
  4183 | D:5      | Reached skill level 5 in Armour
  4209 | D:5      | Found a hide-covered altar of Uskayaw.
  4617 | D:5      | Found a runed translucent gate.
  4617 | D:5      | Found a runed translucent gate.
  4618 | D:5      | Found a runed translucent gate.
  4619 | D:5      | Noticed Tsarbomb's ghost (novice MiBe)
  4619 | D:5      | Noticed PhantomBowie's ghost (amateur OgBe)
  4660 | D:5      | Noticed a two-headed ogre
  4668 | D:5      | Killed a two-headed ogre
  4669 | D:5      | Reached skill level 5 in Dodging
  4669 | D:5      | Reached XP level 8. HP: 15/73 MP: 7/7
  5250 | D:6      | Noticed Dowan
  5259 | D:6      | Killed Dowan
  5259 | D:6      | Reached **** piety under Trog
  5261 | D:6      | Noticed Duvessa
  5271 | D:6      | Killed Duvessa
  5515 | D:6      | Reached XP level 9. HP: 68/79 MP: 8/8
  6555 | D:7      | Found a flagged portal.
  6568 | Bailey   | Entered a bailey
  7033 | Bailey   | Reached XP level 10. HP: 85/91 MP: 9/9
  7233 | Bailey   | Noticed a vault guard
  7241 | Bailey   | Killed a vault guard
  7242 | Bailey   | Reached skill level 5 in Evocations
  7302 | Bailey   | Noticed Prince Ribbit
  7302 | Bailey   | Noticed a vault guard
  7311 | Bailey   | Killed a vault guard
  7312 | Bailey   | Reached skill level 10 in Axes
  7316 | Bailey   | Killed Prince Ribbit
  7555 | D:7      | Found a staircase to the Ecumenical Temple.
  7868 | D:7      | Reached skill level 10 in Fighting
  8567 | D:8      | Noticed Psyche
  8577 | D:8      | Killed Psyche
  8626 | D:8      | Paralysed by a hornet for 2 turns
  8627 | D:8      | HP: 2/93 [hornet (5)]
  8628 | D:8      | Succumbed to a hornet's poison

Illustrated notes

Levels and vault maps discovered:
D:1:      mrwooster_arrival_statue, layout_basic, lemuel_old_faithful
D:2:      layout_basic, shapermc_ecumenical_altar_ellora, minmay_domino_4
D:3:      layout_loops_ring, uniq_ijyb, uniq_natasha, uniq_grinder,
          uniq_crazy_yiuf_cottage
D:4:      layout_basic
D:5:      layout_basic, mainiacjoe_overflow_surrounded_room,
          gammafunk_ghost_cemetery
D:6:      layout_rooms, uniq_duvessa
D:7:      layout_loops_ring, minmay_temple_entry_statues_fountains,
          enter_bailey_4, kennysheep_generic_room_6
D:8:      layout_basic, gup_ossuary_entry_pyramid, serial_bayou_pond_e,
          uniq_maggie, uniq_psyche

Skill      XL: |  1  2  3  4  5  6  7  8  9 10 |
---------------+-------------------------------+-----
Fighting       | 4 5 7 9 10 | 10.3
Axes           | 4 5 6 7 8 9 10 | 10.7
Evocations     | 1 2 3 4 5 |  5.5
Armour         | 3 4 6 7 8 9 |  9.1
Dodging        | 3 5 6 7 |  7.4
Stealth        | |  0.9

Action                   |  1- 3 |  4- 6 |  7- 9 | 10-12 || total
-------------------------+-------+-------+-------+-------++-------
Melee: Hand axe          |    75 |   121 |   259 |       ||   455
       Headbutt          |    12 |    20 |    65 |    18 ||   115
       Punch             |     3 |       |     2 |     1 ||     6
       War axe           |       |       |     4 |    18 ||    22
       Broad axe         |       |       |       |    61 ||    61
Invok: Berserk           |       |     2 |     6 |     2 ||    10
       Trog's Hand       |       |     1 |     1 |       ||     2
       Brothers in Arms  |       |       |     1 |       ||     1
Evoke: Wand              |       |       |     2 |       ||     2
  Use: Scroll            |     3 |     4 |     3 |       ||    10
       Potion            |       |       |       |     1 ||     1
Armor: Chain mail        |    40 |    43 |   184 |    68 ||   335
       Skin              |       |    13 |       |       ||    13
Dodge: Dodged            |    30 |    35 |   149 |    54 ||   268
Block: Other             |       |       |       |     6 ||     6
